 Dungeon Crawl Stone Soup version 0.32-a0-995-gb4a5920 (webtiles) character file.

Game seed: 10850009834863586004

375944 sdynet the Sorcerer (level 23, -22/131 HPs)
             Began as a Formicid Alchemist on Apr 17, 2024.
             Was the Champion of Hepliaklqana.
             Killed from afar by a quicksilver dragon (36 damage)
             ... with a bolt of dispelling energy
             ... on level 5 of the Vaults on Apr 22, 2024.
             The game lasted 03:50:06 (41670 turns).

sdynet the Sorcerer (Formicid Alchemist)           Turns: 41670, Time: 03:50:06

Health: -22/131    AC: 11    Str: 17    XL:     23   Next: 84%
Magic:  5/53       EV: 12    Int: 27    God:    Hepliaklqana [******]
Gold:   3131       SH:  8    Dex: 17    Spells: 7/75 levels left

rFire   + + .        b - staff of alchemy
rCold   + + .        P - +2 buckler {rF+}
rNeg    + . .        n - +2 robe of Moteiny {*Slow rC++ Regen+ Archmagi}
rPois   +            (helmet unavailable)
rElec   +            L - +2 cloak
rCorr   +            U - +0 pair of gloves "Zaregiel" {Str+3 Int+3}
SInv    +            p - +2 pair of boots
Will    +++..        o - amulet of Vitality {Regen++ RegenMP++}
Stlth   ++           F - ring of the Heron {Fly rElec rF+ Str-3 Int+2}
HPRegen 2.81/turn    f - ring of Cum Alin {rN+ Will+ rCorr Dex+3}
MPRegen 1.13/turn

%: slow self (1%), archmagi
@: flying
A: reduced essence, permanent stasis, dig shafts and tunnels, antennae 3, four
strong arms
}: 2/15 runes: barnacled, gossamer
a: Dig, Shaft Self, Renounce Religion, Recall Ancestor, Ancestor Identity,
Transference, Idealise


You were on level 5 of the Vaults.
You worshipped Hepliaklqana.
Hepliaklqana was exalted by your worship.
You visited 7 branches of the dungeon, and saw 36 of its levels.
You also visited: Ice Cave and Desolation.

You collected 5755 gold pieces.
You spent 2624 gold pieces at shops.

Inventory:

Missiles
 i - 6 throwing nets
 y - 18 javelins
 Y - 16 curare-tipped darts
Armour
 e - a scarf of shadows
 n - the +2 robe of Moteiny (worn) {*Slow rC++ Regen+ Archmagi}
   (You found it in the Desolation of Salt)

   rC++:      It greatly protects you from cold.
   Regen+:    It increases your rate of health regeneration.
   *Slow:     It may slow you when you take damage.
   Archmagi:  It increases the power of your magical spells.
 p - a +2 pair of boots (worn)
 L - a +2 cloak (worn)
 P - a +2 buckler of fire resistance (worn)
 U - the +0 pair of gloves "Zaregiel" (worn) {Str+3 Int+3}
   (You found it in the Desolation of Salt)

   Str+3:     It affects your strength (+3).
   Int+3:     It affects your intelligence (+3).
Magical Staves
 a - the staff "Pedo Jyc" {rF+ Str+3 Conj Summ}
   (You found it on level 5 of the Lair of Beasts)

   [staff of conjuration]

   Base accuracy: +5 Base damage: 5 Base attack delay: 1.2 This weapon's minimum
   attack delay (0.6) is reached at skill level 12.
   Str+3:     It affects your strength (+3).
   rF+:       It protects you from fire.
   Conj:      It increases the power of your Conjurations spells.
   Summ:      It increases the power of your Summonings spells.
   It falls into the 'Staves' category.
   It is a weapon for one hand-pair.
 b - a staff of alchemy (weapon)
Jewellery
 d - a +5 ring of evasion
 f - the ring of Cum Alin (right hand) {rN+ Will+ rCorr Dex+3}
   (You found it in the Desolation of Salt)

   [ring of resist corrosion]

   Dex+3:     It affects your dexterity (+3).
   rN+:       It protects you from negative energy.
   Will+:     It increases your willpower.
   rCorr:     It protects you from acid and corrosion.
 o - the amulet of Vitality (around neck) {Regen++ RegenMP++}
   (You bought it in a shop on level 1 of the Orcish Mines)

   [amulet of nothing]

   Regen++:   It increases your rate of health regeneration.
   RegenMP++: It increases your rate of magic regeneration.
 F - the ring of the Heron (left hand) {Fly rElec rF+ Str-3 Int+2}
   (You took it off a yaktaur captain on level 1 of the Vaults)

   [ring of flight]

   Str-3:     It affects your strength (-3).
   Int+2:     It affects your intelligence (+2).
   rF+:       It protects you from fire.
   rElec:     It insulates you from electricity.
   Fly:       It grants you flight.
 G - a ring of positive energy
 O - the ring of Bietaybe {^Contam Will+ MP+9 Int+3}
   (You found it in the Desolation of Salt)

   [ring of willpower]

   Int+3:     It affects your intelligence (+3).
   Will+:     It increases your willpower.
   MP+9:      It affects your magic capacity (+9).
   ^Contam:   It causes magical contamination when unequipped.
 R - the ring "Fieqirgh" {Ice rN+ Will+ Str+3}
   (You found it on level 7 of the Dungeon)

   [ring of ice]

   Ice:       It enhances your ice magic.
   Str+3:     It affects your strength (+3).
   rF-:       It makes you vulnerable to fire.
   rC+:       It protects you from cold.
   rN+:       It protects you from negative energy.
   Will+:     It increases your willpower.
 T - the ring of the Elephant {rPois rF++ rCorr Str-5 Int+6}
   (You found it in the Desolation of Salt)

   [ring of intelligence]

   Str-5:     It affects your strength (-5).
   Int+6:     It affects your intelligence (+6).
   rF++:      It greatly protects you from fire.
   rPois:     It protects you from poison.
   rCorr:     It protects you from acid and corrosion.
Wands
 r - a wand of digging (6)
 w - a wand of quicksilver (9)
 N - a wand of warping (19)
Scrolls
 c - 2 scrolls of fog {!r}
 h - 6 scrolls of revelation {!r}
 j - 3 scrolls of silence {!r}
 k - 2 scrolls of summoning {!r}
 s - 13 scrolls of identify
 u - 2 scrolls of fear {!r}
 A - 3 scrolls of immolation
 E - a scroll of vulnerability
 M - 2 scrolls of poison
Potions
 g - 4 potions of ambrosia {!q}
 l - 6 potions of heal wounds {!q}
 m - 12 potions of curing {!q}
 t - 5 potions of mutation
 z - 2 potions of brilliance {!q}
 B - 6 potions of cancellation {!q}
 C - 4 potions of lignification {!q}
 D - 6 potions of attraction
 K - 2 potions of enlightenment {!q!q}
 Q - a potion of magic {!q}
Miscellaneous
 q - a phial of floods
 v - a lightning rod (4/4)
 x - a condenser vane


   Skills:
 - Level 4.0 Fighting
 - Level 4.0 Armour
 - Level 3.0 Dodging
 - Level 3.0 Stealth
 - Level 9.0 Shields
 - Level 26.9 Spellcasting
 + Level 12.1 Conjurations
 - Level 3.0 Hexes
 - Level 9.0 Necromancy
 - Level 2.0 Fire Magic
 - Level 3.0 Ice Magic
 - Level 2.0 Air Magic
 - Level 15.0 Earth Magic
 + Level 23.4 Alchemy
 - Level 9.0 Invocations
 - Level 4.0 Evocations


You had 7 spell levels left.
You knew the following spells:

 Your Spells              Type           Power      Damage    Failure   Level
a - Sting                 Conj/Alch      100%       1d9       0%          1
b - Mercury Vapours       Alch/Air       100%       N/A       0%          2
c - Mephitic Cloud        Conj/Alch/Air  100%       N/A       0%          3
d - Sticky Flame          Fire/Alch      100%       2d15      1%          4
e - Alistair's Intoxicat  Alch           100%       N/A       0%          5
f - Eringya's Noxious Bo  Alch           76%        4d6       0%          6
g - Ignite Poison         Fire/Alch      100%       N/A       1%          4
h - Petrify               Alch/Erth      100%       N/A       0%          4
i - Borgnjor's Vile Clut  Necr/Erth      50%        N/A       1%          5
j - Bombard               Conj/Erth      52%        9d9       1%          6
k - Lee's Rapid Deconstr  Erth           54%        3d25*     1%          5
m - Death Channel         Necr           45%        N/A       3%          6
n - Fulsome Fusillade     Conj/Alch      69%        (3-5)d19  4%          8
O - Olgreb's Toxic Radia  Alch           100%       N/A       0%          4
Y - Yara's Violent Unrav  Hex/Alch       63%        3d24      1%          5

Your spell library contained the following spells:

 Spells                   Type           Power      Damage    Failure   Level
 Sandblast                Erth           100%       2d20      0%          1
 Foxfire                  Conj/Fire      100%       2x1d9     1%          1
 Freeze                   Ice            100%       1d10      1%          1
 Jinxbite                 Hex            100%       N/A       1%          2
 Scorch                   Fire           100%       2d9       1%          2
 Frozen Ramparts          Ice            100%       1d16      1%          3
 Hailstorm                Conj/Ice       86%        3d14      1%          3
 Sigil of Binding         Hex            68%        N/A       1%          3
 Tukima's Dance           Hex            68%        N/A       1%          3
 Animate Armour           Summ/Erth      100%       N/A       1%          4
 Animate Dead             Necr           91%        N/A       1%          4
 Arcjolt                  Conj/Air       42%        1d52      1%          5
 Iskenderun's Battlesphe  Conj           100%       2d15      1%          5
 Call Canine Familiar     Summ           53%        N/A       2%          3
 Freezing Cloud           Conj/Ice/Air   39%        6-21      2%          5
 Permafrost Eruption      Ice/Erth       45%        2x4d10    3%          6
 Dimensional Bullseye     Hex/Tloc       30%        N/A       4%          4
 Summon Lightning Spire   Summ/Air       58%        N/A       6%          4
 Starburst                Conj/Fire      42%        6d12      8%          6
 Passage of Golubria      Tloc           53%        N/A       9%          4
 Summon Forest            Summ/Tloc      26%        N/A       26%         5
 Plasma Beam              Fire/Air       31%        2x1d44    52%         6
 Spellforged Servitor     Conj/Summ      40%        N/A       54%         7
 Dispersal                Tloc           26%        N/A       80%         6
 Gell's Gavotte           Tloc           26%        2d(23-34) 80%         6
 Summon Cactus Giant      Summ           26%        N/A       80%         6
 Enfeeble                 Hex            34%        N/A       92%         7
 Manifold Assault         Tloc           26%        N/A       100%        7
 Summon Hydra             Summ           26%        N/A       100%        7
 Lehudib's Crystal Spear  Conj/Erth      52%        10d12     22%         8
 Disjunction              Tloc           26%        N/A       100%        8
 Maxwell's Capacitive Co  Air            31%        ∞         100%        8
 Maxwell's Portable Pile  Tloc           Unusable   2d(10-29) N/A         3

Dungeon Overview and Level Annotations

Branches:
Dungeon (15/15)            Temple (1/1) D:7            Lair (5/5) D:8
 Shoals (4/4) Lair:3       Spider (4/4) Lair:2          Orc (2/2) D:11
    Elf (0/3) Orc:2        Vaults (5/5) D:14          Crypt (0/3) Vaults:2
 Depths (0/4) D:15          IceCv (visited)         Desolation (visited)
  Slime: Lair:4-5

Altars:
Ashenzari
Cheibriados
Dithmenos
Elyvilon
Fedhas
Gozag
Hepliaklqana
Kikubaaqudgha
Makhleb
Nemelex Xobeh
Okawaru
Qazlal
Ru
Sif Muna
Trog
Uskayaw
Vehumet
Wu Jian
Xom
Yredelemnul
Zin
The Shining One
Jiyva

Shops:
D:6 !   Orc:1 =   Orc:2 *=:*   Shoals:4 !

Annotations:
D:12 exclusion: 16 doors
Lair:5 exclusions: 3 oklob plants and 4 more exclusions


Innate Abilities, Weirdness & Mutations

Your life essence is reduced to manifest your ancestor. (-10% HP)
You cannot be hasted, slowed, berserked, paralysed or teleported.
You can dig through walls and to a lower floor.
You have a pair of large antennae on your head. (SInv)
Your four strong arms can wield two-handed weapons with a shield.


Message History

The tentacled monstrosity is almost dead.
The tentacled monstrosity looks weaker.
The quicksilver dragon attacks as it pursues you!
The quicksilver dragon bites you!
* * * LOW HITPOINT WARNING * * *
The quicksilver dragon closely misses you.
Helldiver hits the tentacled monstrosity with a +0 broad axe of flaming!
The quicksilver dragon breathes dispelling energy at you.
The bolt of dispelling energy hits you!!
Your magical effects are unravelling.
* * * LOW HITPOINT WARNING * * *
Items here: )) [ †.
You feel much better.
Flasks of reagents rain from above!
Helldiver avoids your attack.
The fiery phlogiston engulfs the tentacled monstrosity!
The tentacled monstrosity resists.
You kill the tentacled monstrosity!
Your noxious spew wanes.
The quicksilver dragon bites you but does no damage.
The quicksilver dragon claws you!
* * * LOW HITPOINT WARNING * * *
Casting: Fulsome Fusillade (dangerous; 4% risk of failure)
Confirm with . or Enter, or press ? or * to list all spells.
Aiming: Sticky Flame (safe; 1% risk of failure)
Press: ? - help, Shift-Dir - straight line, f - quicksilver dragon
Aim: a quicksilver dragon (heavily wounded, ally target)
You feel a strong surge of power!
The sticky flame hits the quicksilver dragon!!
The quicksilver dragon is severely wounded.
Flasks of reagents rain from above!
Helldiver avoids your attack.
Your rain of reagents ends.
You hear a shout!
The quicksilver dragon burns!
The quicksilver dragon bites you!
* * * LOW HITPOINT WARNING * * *
The quicksilver dragon claws you!
* * * LOW HITPOINT WARNING * * *
The quicksilver dragon breathes dispelling energy at you.
The bolt of dispelling energy hits you!!!
You die...
Hepliaklqana delivers you to your ancestors.

##########################
.........................#
†..........)[)...........#
#####################....#
{ . #...##.....# . {?.:
#.......#..# ..#
....#####....##..# ..). {
......(D@....# .# .....{
...)...R#.....# .# .....
..).....#.....# # .#..#
#..#.$#####...# ....).
....# ..).. .#### ...#.
...# .#


You could see the friendly helldiver the knight (fast, weak, reflecting) and a
quicksilver dragon (burning, catching breath, ally target).

Vanquished Creatures
  Sojobo (Vaults:3)
  Nikola (Spider:4)
  2 tentacled monstrosities (Vaults:5)
  Rupert (D:15)
  2 liches
  2 sphinxes
  3 titans (Vaults:5)
  The ghost of DANddo the Warrior, an adept DrSh of Wu Jian (Spider:4)
  Frances (D:13)
  Agnes (Spider:1)
  3 tengu reavers
  A storm dragon (Vaults:5)
  Ilsuiw (Shoals:2)
  Aizul (Spider:4)
  A frost giant (Vaults:5)
  2 ghost moths
  3 emperor scorpions
  2 imperial myrmidons (Desolation)
  9 vault wardens
  3 broodmothers
  2 orc warlords
  12 ironbound preservers
  3 formless jellyfish
  6 ironbound thunderhulks
  A stone giant (Vaults:2)
  3 halazid warlocks (Desolation)
  Nessos (D:15)
  A deep elf death mage (Vaults:5)
  A war gargoyle (Vaults:5)
  6 dire elephants
  A spark wasp (Spider:4)
  4 ettins
  A merfolk javelineer (Shoals:4)
  A crystal guardian (Vaults:4)
  3 ragged hierophants (Desolation)
  Josephine (D:12)
  6 merfolk impalers
  3 entropy weavers
  2 fire dragons
  8 yaktaur captains
  A deep elf high priest (Vaults:5)
  4 servants of whispers (Desolation)
  30 vault guards
  14 peacekeepers
  5 ogre magi
  3 hydras
  A caustic shrike simulacrum (IceCv)
  Erolcha (Orc:2)
  An ice dragon (Shoals:3)
  6 ironbound frosthearts
  4 jorogumos
  Erica (D:10)
  3 alligator snapping turtles
  2 radroaches
  3 satyrs
  4 boulder beetles
  A catoblepas (D:14)
  4 merfolk avatars
  4 centaur warriors
  7 merfolk aquamancers
  17 two-headed ogres
  A death yak (Lair:4)
  A death scarab (Spider:4)
  A deep troll earth mage (Vaults:5)
  A tengu warrior (D:13)
  An orc high priest (Orc:2)
  5 demonic crawlers
  A spectral emperor scorpion (Spider:4)
  An occultist (D:15)
  Sonja (Lair:2)
  4 skysharks
  2 pharaoh ants
  Amaemon (D:10)
  A deep troll (shapeshifter) (Vaults:5)
  5 sea snakes
  35 deep trolls
  3 bog bodies (IceCv)
  4 orb spiders
  4 arcanists
  7 steelbarb worms
  2 obsidian statues
  A sun moth (Spider:2)
  Pikel (D:8)
  7 lindwurms
  10 harpies
  19 ironbound convokers
  2 necromancers
  2 wolf spider zombies (Spider:4)
  3 spectral wolf spiders (Spider:4)
  An obsidian bat (Orc:1)
  2 orc sorcerers
  An oklob plant (Lair:5)
  12 wolf spiders
  7 orc knights
  A glowing shapeshifter (Vaults:2)
  15 ugly things
  20 fauns
  2 moths of wrath
  13 manticores
  5 meliai
  5 cyclopes
  A stone giant zombie (Vaults:2)
  A guardian serpent (Desolation)
  A centaur zombie (D:12)
  14 merfolk sirens
  2 kobold blastminers (Orc:2)
  A black mamba (Lair:3)
  8 vault sentinels
  5 elephants (Lair:1)
  A smoke demon (D:15)
  6 torpor snails
  A molten gargoyle (Desolation)
  4 water nymphs
  An emperor scorpion simulacrum (Spider:4)
  An orange demon (D:10)
  An unseen horror (D:11)
  3 gargoyles
  9 cane toads
  12 komodo dragons
  2 rime drakes (Lair:4)
  2 anaconda simulacra (IceCv)
  36 yaktaurs
  2 golden dragon simulacra (IceCv)
  2 ice devils (IceCv)
  15 freezing wraiths
  A tengu conjurer (D:13)
  A troll (D:11)
  3 human zombies
  3 polar bears
  33 merfolk
  4 alligator simulacra (IceCv)
  11 blink frogs
  7 wind drakes
  4 hornets (Spider:1)
  Grinder (D:6)
  20 tarantellas
  A tarantella zombie (Spider:4)
  A spectral jumping spider (Spider:4)
  29 jumping spiders
  5 snapping turtles
  8 dream sheep
  53 saltlings
  A guardian serpent zombie (Desolation)
  14 slime creatures
  A spriggan (shapeshifter) (D:13)
  18 culicivoras
  Sigmund (D:6)
  12 water elementals
  A wraith (D:12)
  2 slime creature zombies (Vaults:1)
  4 wyverns
  3 vampires
  23 yaks
  3 fire elementals
  A basilisk (shapeshifter) (D:14)
  6 fire bats (D:12)
  A dire elephant simulacrum (IceCv)
  4 basilisks
  2 wargs (Orc:2)
  2 vampire mosquitoes
  2 minotaur simulacra (IceCv)
  46 redbacks
  A glowing shapeshifter zombie (Vaults:2)
  An acid dragon (D:11)
  3 harpy simulacra (IceCv)
  8 water moccasins
  3 deep troll zombies (Vaults:2)
  5 hell hounds (Orc:2)
  12 orc warriors
  A glowing shapeshifter skeleton (Vaults:2)
  2 sky beasts (D:7)
  2 ettin simulacra (IceCv)
  2 laughing skulls (D:13)
  23 ogres
  4 boggarts (Vaults:4)
  10 wolves
  8 centaurs
  2 knights
  2 kobold brigands (D:10)
  A gnoll sergeant (D:7)
  A yaktaur zombie (Vaults:2)
  12 bullfrogs
  An entropy weaver simulacrum (Spider:4)
  A deep troll simulacrum (IceCv)
  A small abomination (Lair:5)
  3 scorpions
  5 wights (D:9)
  4 killer bees (D:10)
  2 vampire bats (D:12)
  6 lindwurm simulacra (IceCv)
  An electric eel (Spider:3)
  6 howler monkeys
  A hound (D:6)
  8 orc priests (Orc:2)
  16 orc wizards
  5 gnolls
  6 adders
  A white imp (D:8)
  4 ufetubi
  54 orcs
  4 endoplasms
  A giant cockroach (D:2)
  7 hobgoblins
  9 jackals (D:1)
  17 kobolds
  3 quokkas
  6 ball pythons
  49 bats
  A frilled lizard (D:1)
  4 goblins
  7 rats
1232 creatures vanquished.

Vanquished Creatures (collateral kills)
  A titan (Vaults:5)
  2 sphinxes
  2 tengu reavers
  A storm dragon (Vaults:5)
  2 ghost moths (Spider:4)
  2 vault wardens
  An emperor scorpion (Spider:4)
  10 ironbound preservers
  5 ironbound thunderhulks
  2 formless jellyfish
  A stone giant (Vaults:5)
  3 dire elephants (Vaults:2)
  Azrael (Orc:2)
  The ghost of Qiar the Fighter, a journeyman DsGl of Cheibriados (Lair:4)
  2 halazid warlocks (Desolation)
  An ettin (Vaults:1)
  Snorg (D:13)
  3 merfolk javelineers
  2 ragged hierophants
  An entropy weaver (Vaults:3)
  3 great orbs of eyes
  3 yaktaur captains
  3 servants of whispers (Desolation)
  An ice dragon (D:15)
  A vault guard (Vaults:5)
  2 centaur warriors
  A boulder beetle (D:10)
  A hydra (Lair:5)
  A satyr (Shoals:2)
  A two-headed ogre (Orc:2)
  3 ironbound frosthearts
  6 death scarabs (Spider:4)
  A tengu warrior (D:15)
  3 demonic crawlers
  A skyshark (Shoals:3)
  2 sea snakes
  A storm dragon skeleton (Vaults:2)
  12 deep trolls
  2 arcanists
  3 pharaoh ants
  2 bog bodies (IceCv)
  A flayed ghost (D:12)
  A spectral wolf spider (Spider:4)
  2 orb spiders
  3 steelbarb worms
  A kraken simulacrum (Shoals:4)
  A phantasmal warrior (Vaults:1)
  An orc knight (Vaults:5)
  10 harpies
  9 ironbound convokers
  2 lindwurms
  A deep elf pyromancer (D:14)
  5 wolf spiders
  9 ugly things
  5 manticores
  2 fauns (Shoals:2)
  5 cyclopes
  A meliai (Spider:1)
  A centaur zombie (D:12)
  A guardian serpent (Desolation)
  A moth of wrath (shapeshifter) (Vaults:1)
  3 moths of wrath
  6 vault sentinels
  A black mamba (Lair:2)
  3 water nymphs
  An emperor scorpion simulacrum (Spider:4)
  A torpor snail (Lair:4)
  2 redback zombies (Spider:4)
  A rime drake (Lair:4)
  3 yaktaurs
  3 komodo dragons
  An unseen horror (D:11)
  An ice devil (IceCv)
  A freezing wraith (IceCv)
  A ghost moth simulacrum (Spider:4)
  A troll (D:11)
  2 wind drakes
  4 spectral jumping spiders (Spider:4)
  13 merfolk
  A wolf spider simulacrum (Spider:4)
  2 tarantellas
  3 jumping spiders
  8 saltlings
  A blink frog (Lair:5)
  4 snapping turtles (Shoals:4)
  A spectral culicivora (Spider:4)
  A jumping spider zombie (Spider:4)
  2 spectral tarantellas (Spider:4)
  3 dream sheep (Shoals:1)
  A centaur simulacrum (D:15)
  11 slime creatures
  7 water elementals
  5 culicivoras
  2 shadows (D:12)
  7 wraiths
  A vampire (D:12)
  12 yaks
  5 basilisks
  4 fire bats (D:12)
  A steam dragon (D:8)
  A wyvern (Lair:2)
  6 redbacks
  A warg (Orc:2)
  7 vampire mosquitoes
  A small abomination (Lair:5)
  An acid dragon (D:9)
  A water moccasin (D:8)
  6 orc warriors
  5 ogres
  2 laughing skulls (D:13)
  A centaur (D:6)
  A lemure (D:8)
  4 wolves
  A kobold brigand (D:11)
  2 phantoms
  A human zombie (Vaults:2)
  2 bullfrogs
  An entropy weaver simulacrum (Spider:4)
  2 scorpions
  A wight (D:7)
  A lindwurm simulacrum (IceCv)
  2 killer bees (D:10)
  3 howler monkeys (D:9)
  An electric eel (D:7)
  A hound (D:6)
  5 orc priests
  An iguana (D:4)
  6 orc wizards
  A gnoll (D:3)
  2 white imps (D:7)
  2 ufetubi
  4 orcs
  A ball python (D:3)
  10 bats (D:12)
  2 endoplasms
  A quokka (D:2)
379 creatures vanquished.

Vanquished Creatures (others)
  Mara (Shoals:4)
  An ironbound preserver (Vaults:1)
  A merfolk aquamancer (Shoals:1)
  A death scarab (Spider:4)
  An emperor scorpion zombie (Spider:4)
  A lindwurm (Vaults:2)
  A wolf spider zombie (Spider:4)
  A dire elephant zombie (Vaults:1)
  An orb spider zombie (Spider:4)
  4 human zombies
  A tarantella zombie (Spider:4)
  A slime creature zombie (Vaults:2)
  3 deep troll zombies
  A glowing shapeshifter zombie (Vaults:2)
  6 yaktaur zombies
  15 knights
  3 tentacles (Shoals:4)
43 creatures vanquished.

Grand Total: 1654 creatures vanquished

Notes
Turn   | Place    | Note
-------+----------+-------------------------------------------
     0 | D:1      | sdynet the Formicid Alchemist began the quest for the Orb.
     0 | D:1      | Reached XP level 1. HP: 13/13 MP: 3/3
    64 | D:1      | Reached skill level 1 in Conjurations
   123 | D:1      | Reached XP level 2. HP: 16/19 MP: 0/5
   126 | D:1      | Learned a level 2 spell: Mercury Vapours
   652 | D:1      | Reached skill level 3 in Spellcasting
   702 | D:1      | Reached XP level 3. HP: 24/24 MP: 5/7
   707 | D:1      | Learned a level 3 spell: Mephitic Cloud
  1127 | D:1      | Found a faded altar of an unknown god.
  1139 | D:1      | Prayed at the altar of an unknown god.
  1139 | D:1      | Became a worshipper of Hepliaklqana the Forgotten
  1139 | D:1      | Reached * piety under Hepliaklqana
  1543 | D:2      | Reached XP level 4. HP: 27/27 MP: 7/9
  2187 | D:2      | Reached skill level 1 in Air Magic
  2192 | D:2      | Learned a level 4 spell: Olgreb's Toxic Radiance
  2325 | D:2      | Reached skill level 5 in Alchemy
  2330 | D:2      | Reached XP level 5. HP: 21/31 MP: 3/10
  2648 | D:3      | Reached skill level 4 in Spellcasting
  2884 | D:3      | Found a hazy altar of Hepliaklqana.
  2888 | D:3      | Found a basalt altar of Yredelemnul.
  2888 | D:3      | Found a shimmering altar of Xom.
  2956 | D:3      | Found a shimmering blue altar of Sif Muna.
  3236 | D:3      | Reached XP level 6. HP: 36/36 MP: 10/13
  3550 | D:4      | Noticed an ogre
  3556 | D:4      | Killed an ogre
  3557 | D:4      | Reached skill level 5 in Spellcasting
  3604 | D:3      | Learned a level 4 spell: Sticky Flame
  3719 | D:4      | Reached ** piety under Hepliaklqana
  3720 | D:4      | Remembered your ancestor helldiver as a knight
  4168 | D:4      | Found a blossoming altar of Fedhas.
  4411 | D:5      | Entered Level 5 of the Dungeon
  4545 | D:5      | Reached skill level 1 in Fire Magic
  4545 | D:5      | Reached XP level 7. HP: 37/41 MP: 11/15
  4862 | D:5      | Reached skill level 6 in Spellcasting
  5055 | D:6      | Reached XP level 8. HP: 44/46 MP: 14/18
  5119 | D:6      | Reached skill level 7 in Spellcasting
  5377 | D:6      | Noticed Grinder
  5396 | D:6      | Killed Grinder
  5397 | D:6      | Reached skill level 8 in Spellcasting
  5475 | D:6      | Reached *** piety under Hepliaklqana
  5525 | D:6      | Found Evenloi's Distillery.
  5529 | D:6      | Bought a potion of might for 56 gold pieces
  5529 | D:6      | Bought a potion of resistance for 140 gold pieces
  5529 | D:6      | Bought a potion of mutation for 112 gold pieces
  5571 | D:6      | Noticed Sigmund
  5581 | D:6      | Killed Sigmund
  5582 | D:6      | Reached skill level 1 in Invocations
  6097 | D:7      | Reached XP level 9. HP: 44/51 MP: 12/21
  6336 | D:6      | Bought 2 potions of attraction for 84 gold pieces
  6399 | D:7      | Reached skill level 9 in Spellcasting
  6705 | D:7      | Reached skill level 1 in Evocations
  6812 | D:7      | Identified the ring "Fieqirgh" {Ice rN+ Will+ Str+3}
  6812 | D:7      | Noticed a gargoyle
  6818 | D:7      | Killed a gargoyle
  6841 | D:7      | Reached skill level 10 in Spellcasting
  6841 | D:7      | Reached XP level 10. HP: 56/56 MP: 22/24
  6878 | D:7      | Reached skill level 10 in Alchemy
  7151 | D:7      | Found a staircase to the Ecumenical Temple.
  7197 | Temple   | Entered the Ecumenical Temple
  7290 | D:7      | Noticed a manticore
  7301 | D:7      | Killed a manticore
  8226 | D:8      | Reached skill level 11 in Spellcasting
  8499 | D:8      | Noticed Pikel
  8509 | D:8      | Killed Pikel
  8652 | D:8      | Reached **** piety under Hepliaklqana
  8685 | D:8      | Noticed a two-headed ogre
  8695 | D:8      | Killed a two-headed ogre
  8696 | D:8      | Reached XP level 11. HP: 61/61 MP: 9/26
  8979 | D:8      | Reached skill level 12 in Spellcasting
  9017 | D:8      | Found a staircase to the Lair.
  9139 | D:8      | Found a bloodstained altar of Trog.
  9139 | D:8      | Found a radiant altar of Vehumet.
 10453 | Lair:1   | Entered Level 1 of the Lair of Beasts
 10535 | Lair:1   | Reached skill level 1 in Fighting
 10885 | Lair:1   | Reached skill level 13 in Spellcasting
 11139 | Lair:1   | Reached skill level 5 in Invocations
 11330 | Lair:1   | Reached ***** piety under Hepliaklqana
 11374 | Lair:1   | Noticed an elephant
 11380 | Lair:1   | Noticed an elephant
 11384 | Lair:1   | Learned a level 5 spell: Alistair's Intoxication
 11389 | Lair:1   | Killed an elephant
 11390 | Lair:1   | Reached XP level 12. HP: 72/72 MP: 19/29
 11397 | Lair:1   | Learned a level 6 spell: Eringya's Noxious Bog
 12033 | D:10     | Entered Level 10 of the Dungeon
 12279 | D:10     | Reached skill level 1 in Shields
 12279 | D:10     | Noticed a two-headed ogre
 12285 | D:10     | Noticed Erica
 12289 | D:10     | Killed a two-headed ogre
 12292 | D:10     | Killed Erica
 12293 | D:10     | Reached skill level 14 in Spellcasting
 12624 | D:10     | Noticed Amaemon
 12631 | D:10     | Killed Amaemon
 12724 | D:10     | Noticed a two-headed ogre
 12734 | D:10     | Killed a two-headed ogre
 12794 | D:10     | Noticed a boulder beetle
 12807 | D:10     | Killed a boulder beetle
 13294 | D:11     | Noticed a two-headed ogre
 13300 | D:11     | Killed a two-headed ogre
 13354 | D:11     | Identified the +6 morningstar of Imminent Death {flame,
                  | Str+6}
 13362 | D:11     | Found a staircase to the Orcish Mines.
 13528 | D:11     | Reached skill level 5 in Shields
 13633 | D:11     | Noticed a two-headed ogre
 13640 | D:11     | Killed a two-headed ogre
 13641 | D:11     | Reached XP level 13. HP: 42/77 MP: 20/31
 14221 | Orc:1    | Entered Level 1 of the Orcish Mines
 14235 | Orc:1    | Reached skill level 15 in Spellcasting
 14865 | Orc:1    | Found Baptaxim's Jewellery Emporium.
 15462 | Lair:2   | Found a transporter.
 15464 | Lair:2   | Found a transporter.
 15727 | Lair:2   | Found a hole to the Spider Nest.
 16004 | Lair:2   | Noticed Sonja
 16014 | Lair:2   | Killed Sonja
 17050 | Lair:3   | Found a staircase to the Shoals.
 17056 | Lair:3   | Reached skill level 15 in Alchemy
 17287 | Lair:3   | Noticed a seven-headed hydra
 17295 | Lair:3   | Killed a seven-headed hydra
 17463 | Lair:3   | Reached ****** piety under Hepliaklqana
 18067 | Lair:4   | Reached skill level 16 in Spellcasting
 18377 | Lair:4   | Found a runed translucent gate.
 18377 | Lair:4   | Found a runed translucent gate.
 18379 | Lair:4   | Found a runed translucent gate.
 18379 | Lair:4   | Noticed Qiar's ghost (journeyman DsGl)
 18383 | Lair:4   | Noticed an eight-headed hydra
 18396 | Lair:4   | Killed an eight-headed hydra
 18397 | Lair:4   | Reached XP level 14. HP: 64/85 MP: 7/34
 19298 | Lair:5   | Entered Level 5 of the Lair of Beasts
 19656 | Lair:5   | Identified the staff "Pedo Jyc" {rF+ Str+3 Conj Summ}
 19666 | Lair:5   | Identified the staff of Agony {*Corrode Str+5 Conj}
 20169 | Orc:1    | Bought the amulet of Vitality {Regen++ RegenMP++} for 1500
                  | gold pieces
 20169 | Orc:1    | Found the amulet of Vitality {Regen++ RegenMP++}
 20529 | Lair:5   | Found a white marble altar of Elyvilon.
 20552 | Lair:5   | Reached skill level 17 in Spellcasting
 20730 | Lair:5   | Found a viscous altar of Jiyva.
 21228 | Orc:2    | Entered Level 2 of the Orcish Mines
 21228 | Orc:2    | Found a staircase to the Elven Halls.
 21234 | Orc:2    | Noticed Erolcha
 21238 | Orc:2    | Noticed Azrael
 21274 | Orc:2    | Noticed an orc warlord
 21278 | Orc:2    | Killed Azrael
 21284 | Orc:2    | Killed an orc warlord
 21295 | Orc:2    | Killed Erolcha
 21440 | Orc:2    | Reached skill level 18 in Spellcasting
 21445 | Orc:2    | Reached XP level 15. HP: 90/90 MP: 11/37
 21545 | Orc:2    | Found Dim Umpu's General Store.
 21546 | Orc:2    | Found Neityac's Jewellery Boutique.
 21548 | Orc:2    | Found Jukisuuq's General Store.
 21548 | Orc:2    | Found Reumukh's Book Boutique.
 22174 | D:12     | Found a hide-covered altar of Uskayaw.
 22218 | D:12     | Found a runed translucent door.
 22231 | D:12     | Found a shimmering altar of Xom.
 22243 | D:12     | Found a hazy altar of Hepliaklqana.
 22263 | D:12     | Found a snail-covered altar of Cheibriados.
 22270 | D:12     | Reached skill level 19 in Spellcasting
 22298 | D:12     | Found a snail-covered altar of Cheibriados.
 22304 | D:12     | Found a radiant altar of Vehumet.
 22400 | D:12     | Identified the +1 hat of Riolacics {Str+7 Int-4}
 22786 | D:12     | Noticed Josephine
 22793 | D:12     | Killed Josephine
 23028 | D:12     | Found a basalt altar of Yredelemnul.
 23149 | D:13     | Noticed Snorg
 23155 | D:13     | Killed Snorg
 23507 | D:13     | Noticed Frances
 23521 | D:13     | Killed Frances
 24101 | D:14     | Reached XP level 16. HP: 68/95 MP: 39/39
 24384 | D:14     | Reached skill level 20 in Spellcasting
 24411 | D:14     | Found a gate to the Vaults.
 24629 | D:14     | Got the Incunabulum of Incineration
 24825 | D:15     | Entered Level 15 of the Dungeon
 25065 | D:15     | Found a staircase to the Depths.
 25134 | D:15     | Noticed Nessos
 25142 | D:15     | Killed Nessos
 25387 | D:15     | Identified the +1 robe of Orghioliaf {rF+ Regen+ Int-4}
 25638 | D:15     | Found a burning altar of Makhleb.
 25641 | D:15     | Noticed Rupert
 25650 | D:15     | Killed Rupert
 26032 | Lair:4   | Killed Qiar's ghost
 26051 | Lair:4   | Learned a level 5 spell: Yara's Violent Unravelling
 26056 | Lair:4   | Learned a level 4 spell: Ignite Poison
 26104 | Spider:1 | Entered Level 1 of the Spider Nest
 26108 | Spider:1 | Reached skill level 1 in Hexes
 26119 | Spider:1 | Reached skill level 21 in Spellcasting
 26212 | Spider:1 | Noticed Agnes
 26220 | Spider:1 | Killed Agnes
 26336 | Spider:1 | Learned a level 3 spell: Frozen Ramparts
 26364 | Spider:1 | Reached XP level 17. HP: 99/99 MP: 33/42
 26511 | Spider:1 | Reached skill level 1 in Armour
 26511 | Spider:1 | Reached skill level 1 in Earth Magic
 26514 | Spider:1 | Reached skill level 1 in Ice Magic
 27216 | Spider:2 | Reached skill level 5 in Earth Magic
 28411 | Spider:4 | Entered Level 4 of the Spider Nest
 28497 | Spider:4 | Reached skill level 10 in Earth Magic
 28501 | Spider:4 | Reached XP level 18. HP: 106/106 MP: 2/43
 28616 | Spider:4 | Found a transporter.
 28639 | Spider:4 | Found a transporter.
 28644 | Spider:4 | Noticed DANddo's ghost (adept DrSh)
 28704 | Spider:4 | Noticed Nikola
 28714 | Spider:4 | Killed Nikola
 29171 | Orc:2    | Bought a book of Power for 588 gold pieces
 29177 | Orc:2    | Learned a level 5 spell: Borgnjor's Vile Clutch
 29184 | Orc:2    | Learned a level 6 spell: Bombard
 29378 | Shoals:1 | Entered Level 1 of the Shoals
 29396 | Shoals:1 | Reached skill level 1 in Necromancy
 29687 | Shoals:1 | Identified the +3 falchion "Tuink" {drain, rN+ MP+9}
 29811 | Shoals:1 | Reached skill level 5 in Conjurations
 30166 | Shoals:1 | Learned a level 5 spell: Lee's Rapid Deconstruction
 30259 | Shoals:2 | Noticed Ilsuiw
 30271 | Shoals:2 | Killed Ilsuiw
 30733 | Shoals:2 | Reached XP level 19. HP: 110/110 MP: 36/44
 31003 | Shoals:3 | Found a glacial archway.
 31018 | IceCv    | Entered an ice cave
 31245 | IceCv    | Found an ancient bone altar of Kikubaaqudgha.
 31299 | IceCv    | Noticed a lich
 31304 | IceCv    | Killed a lich
 32119 | Shoals:4 | Entered Level 4 of the Shoals
 32119 | Shoals:4 | Found Ythrefef's Distillery.
 32150 | Shoals:4 | Noticed Mara
 32156 | Shoals:4 | Noticed sdynet's illusion
 32163 | Shoals:4 | Killed Mara
 32177 | Shoals:4 | Reached skill level 22 in Spellcasting
 32351 | Shoals:4 | Got a barnacled rune of Zot
 32423 | Shoals:4 | Got the Codex of the Band
 32579 | Shoals:4 | Bought a potion of heal wounds for 80 gold pieces
 32582 | Shoals:4 | Bought a potion of brilliance for 64 gold pieces
 32602 | Shoals:4 | Reached skill level 15 in Earth Magic
 32790 | Shoals:4 | Reached XP level 20. HP: 116/116 MP: 29/46
 33477 | Spider:4 | Killed DANddo's ghost
 33520 | Spider:4 | Got the Compilation of Chrysopoeia and the Plateau
 33542 | Spider:4 | Learned a level 4 spell: Animate Dead
 33656 | Spider:4 | Identified the serpent talisman of Past Mistakes {Str+5}
 33656 | Spider:4 | Noticed Aizul
 33663 | Spider:4 | Killed Aizul
 33847 | Spider:4 | Reached skill level 23 in Spellcasting
 34069 | Spider:4 | Reached skill level 5 in Necromancy
 34149 | Spider:4 | Got a gossamer rune of Zot
 34605 | Vaults:1 | Entered Level 1 of the Vaults
 35519 | Vaults:1 | Reached skill level 24 in Spellcasting
 35619 | Vaults:1 | Found a transporter.
 35624 | Vaults:1 | Identified the ring of the Heron {Fly rElec rF+ Str-3
                  | Int+2}
 35635 | Vaults:1 | Found a transporter.
 35636 | Vaults:1 | Identified the +1 glaive of Midsummer {antimagic, rElec rN+
                  | Will+ Str+3}
 35712 | Vaults:1 | Upgraded the game from 0.32-a0-938-g40ac7a0 to
                  | 0.32-a0-995-gb4a5920
 35814 | Vaults:1 | Reached XP level 21. HP: 91/121 MP: 32/49
 35881 | Vaults:1 | Reached skill level 25 in Spellcasting
 36971 | Vaults:2 | Learned a level 6 spell: Death Channel
 37297 | Vaults:2 | Reached skill level 26 in Spellcasting
 37564 | Vaults:2 | Found a staircase to the Crypt.
 37807 | Vaults:3 | Reached XP level 22. HP: 114/126 MP: 42/52
 38422 | Vaults:3 | Noticed Sojobo
 38431 | Vaults:3 | Killed Sojobo
 39370 | Vaults:4 | Found a crumbling gateway.
 39386 | Desolati | Entered the Desolation of Salt
 39393 | Desolati | Learned a level 4 spell: Petrify
 39456 | Desolati | Identified the amulet of Xaggy {Spirit rPois rN+ rCorr
                  | Int-4}
 39459 | Desolati | Identified the +9 glaive of the Revolution {flame, Str+6}
 39461 | Desolati | Got the Cyclopedia of Sulphurous Flux
 39470 | Desolati | Identified the +0 chain mail of an ossuary {Rampage rN+
                  | Dex+7 Stlth-}
 39481 | Desolati | Learned a level 8 spell: Fulsome Fusillade
 39723 | Desolati | Identified the ring of Bietaybe {^Contam Will+ MP+9 Int+3}
 39730 | Desolati | Identified the ring of the Elephant {rPois rF++ rCorr Str-5
                  | Int+6}
 39732 | Desolati | Identified the +0 pair of gloves "Zaregiel" {Str+3 Int+3}
 40037 | Desolati | Got the Incunable of the Entourage and the Plateau
 40038 | Desolati | Identified the ring of Cum Alin {rN+ Will+ rCorr Dex+3}
 40044 | Desolati | Identified the ring "Foblonecs" {MP+9 Str+2}
 40047 | Desolati | Identified the +2 robe of Moteiny {*Slow rC++ Regen+
                  | Archmagi}
 40063 | Desolati | Identified the ring "Qaehid" {Ice Will+}
 40579 | Vaults:4 | Reached XP level 23. HP: 131/131 MP: 35/53
 40680 | Vaults:4 | Reached skill level 10 in Conjurations
 41464 | Vaults:5 | Entered Level 5 of the Vaults
 41479 | Vaults:5 | Noticed a dread lich
 41480 | Vaults:5 | Noticed an ancient lich
 41481 | Vaults:5 | Noticed an ancient lich
 41670 | Vaults:5 | Killed from afar by a quicksilver dragon

Illustrated notes

Levels and vault maps discovered:
D:1:      evilmike_arrival_rings, layout_loops_ring, serial_forest,
          infiniplex_forest_lined_room_3, infiniplex_forest_side_room,
          infiniplex_forest_clump_large, infiniplex_forest_straight_2,
          infiniplex_forest_corner_2, infiniplex_forest_lined_1,
          hellmonk_ecumenical_altar_dog_temple, minmay_pentomino_w4
D:2:      layout_basic, kennysheep_generic_room_5
D:3:      layout_loops_ring, grunt_temple_overflow_cloverleaf
D:4:      layout_loops_ring, lemuel_coloured_pillars_altar, serial_glass,
          glass_columns_b, glass_columns_b
D:5:      layout_rooms, corexii_item_surrounded_by_moat,
          hangedman_decor_opposing, corexii_item_surrounded_by_moat,
          minmay_misc_feat_secret_circle
D:6:      layout_basic, serial_shops, shop, uniq_grinder, uniq_sigmund
D:7:      minmay_the_grid_octo_2x2 [minmay_the_grid_octo_fan_narrow,
          minmay_the_grid_octo_toaster, minmay_the_grid_octo_vomiting_pacman,
          minmay_the_grid_octo_prize_single_spiral], layout_basic,
          minmay_temple_entry_arrows, roderic_roman_lattice,
          chequers_serial_rivers_small_3, kennysheep_generic_room_2
D:8:      layout_rooms, gammafunk_temple_overflow_wave, lair_entry_dummy,
          grunt_decor_resistance, uniq_pikel
D:9:      layout_roguey, minmay_misc_feat_doors
D:10:     layout_roguey, abandoned_shop, patterned_corridor, uniq_amaemon,
          uniq_erica
D:11:     layout_irregular_city, orc_0_dummy
D:12:     due_megacathedral, layout_stronghold, kennysheep_doodads,
          roderic_batcave, lemuel_zombie_altar_yredelemnul, uniq_josephine
D:13:     layout_small_grid, uniq_snorg, uniq_frances
D:14:     layout_basic, david_vaults_5, serial_rivers,
          chequers_serial_rivers_marsh, chequers_serial_rivers_micro_e,
          chequers_serial_rivers_micro_c, chequers_serial_rivers_small_3,
          chequers_serial_rivers_marsh, chequers_serial_rivers_micro_b
D:15:     grunt_enter_depths_hoard, layout_rooms, nrook_mini_backslash,
          demons_altar, uniq_nessos, uniq_rupert
Temple:   nicolae_temple_bog_church
Lair:1:   layout_regular_city
Lair:2:   gammafunk_boulding_lane, layout_cellular_growth, spider_nest_entry_a,
          serial_bayou_shore_b, uniq_sonja
Lair:3:   layout_regular_city, elwin_shoals_entry_rocks,
          infiniplex_staircase_pool_2
Lair:4:   layout_misc_corridors, gammafunk_ghost_split, pond
Lair:5:   hellmonk_lair_end_abyssal_woods, layout_regular_city,
          minmay_slime_entry_oklob_enclosed, basic_altar,
          minmay_lair_oklob_items
Shoals:1: layout_shoals
Shoals:2: cheibrodos_shoals_oceanic_diplomacy, layout_shoals, uniq_ilsuiw
Shoals:3: layout_shoals, portal_ice_cave_entry_dragon
Shoals:4: shoals_end_grunt_ice, layout_shoals, serial_shops, shop, uniq_mara
Spider:1: layout_spider_delve, guppyfry_hornet_nest, uniq_agnes
Spider:2: nicolae_spider_obnoxious_hallway
Spider:3: layout_spider_delve
Spider:4: floodkiller_spider_rune_tomb, gammafunk_ghost_mausoleum, uniq_nikola,
          uniq_aizul
Orc:1:    layout_caves, serial_shops, nicolae_shop_hallway_stairs
Orc:2:    st_orc_ogre_mass, layout_caves, uniq_erolcha, uniq_azrael
Vaults:1: nicolae_vaults_double_plus_1, v_pattern_5,
          nicolae_vaults_more_shelving_1, gammafunk_sealed_arena,
          v_alt_pattern_3, lightli_orcish_oven,
          nicolae_vaults_trapezoid_lopsided_4, vaults_room_corners,
          ontoclasm_vaults_ring_square, nicolae_vaults_circle_grid_b,
          nicolae_vaults_weapon_check, nicolae_vaults_apartment_1,
          hangedman_vaults_trim, vaults_mumra_chevron_long,
          vaults_room_door_ring, layout_vaults_omnibox
Vaults:2: nicolae_vaults_offset_grid_hallway_2, nicolae_vaults_six-pack,
          minmay_crypt_entry_nasty_monster, nicolae_vaults_variable_pillar_hall,
          nicolae_vaults_murder_corner, nicolae_vaults_heart-shaped_vault,
          nicolae_vaults_tetromino_T_2, layout_vaults_omnigrid
Vaults:3: v_misc_24, v_misc_12, nicolae_vaults_shrinking_rooms_1,
          nicolae_vaults_offset_grid_hallway_1,
          nicolae_vaults_mini_display_case, nicolae_vaults_mitosis,
          grunt_vaults_twisty, nicolae_vaults_network_barrier,
          grunt_vaults_focal, nicolae_vaults_house_2,
          nicolae_vaults_tetromino_Z_2, layout_vaults_maze, uniq_sojobo
Vaults:4: portal_desolation_entry_nicolae_nacl,
          nicolae_vaults_network_quinsquares
          [nicolae_vaults_network_quincunx_subvault,
          nicolae_vaults_network_quincunx_subvault,
          nicolae_vaults_network_quincunx_subvault,
          nicolae_vaults_network_quincunx_subvault], v_misc_29, v_misc_5,
          nicolae_vaults_hexular_roomagon, nicolae_vaults_shelves_hall,
          nicolae_vaults_network_star, nicolae_vaults_storage_closets_2,
          nicolae_vaults_cornered_office, nicolae_vaults_big_angled_halls,
          nicolae_vaults_tetromino_T_1, ontoclasm_vaults_pinch,
          ontoclasm_vaults_misaligned, nicolae_vaults_tetromino_T_2,
          nicolae_vaults_shelves_hall, layout_vaults_omnicross
Vaults:5: uniq_boris

Skill      XL: |  1  2  3  4  5  6  7  8  9 10 11 12 13 14 15 16 17 18 19 20 21 22 23 |
---------------+----------------------------------------------------------------------+-----
Conjurations   | 1 2 9 12 | 12.1
Spellcasting   | 3 4 5 6 8 10 11 13 14 16 18 19 21 22 24 26 | 26.9
Air Magic      | 1 2 |  2.0
Alchemy        | 5 6 7 8 9 11 12 14 15 17 18 20 21 23 | 23.4
Fire Magic     | 1 2 |  2.0
Invocations    | 1 2 5 6 7 9 |  9.0
Evocations     | 2 4 |  4.0
Dodging        | 2 3 |  3.0
Fighting       | 3 4 |  4.0
Stealth        | 3 |  3.0
Shields        | 5 8 9 |  9.0
Hexes          | 3 |  3.0
Armour         | 4 |  4.0
Earth Magic    | 10 12 15 | 15.0
Ice Magic      | 3 |  3.0
Necromancy     | 3 5 7 9 |  9.0

Action                     |  1- 3 |  4- 6 |  7- 9 | 10-12 | 13-15 | 16-18 | 19-21 | 22-24 || total
---------------------------+-------+-------+-------+-------+-------+-------+-------+-------++-------
  Melee: Unarmed           |    23 |       |       |       |       |       |       |       ||    23
         Flail             |     5 |       |       |       |       |       |       |       ||     5
         Dagger            |       |    23 |       |       |       |       |       |       ||    23
         Staff             |       |     2 |    19 |    19 |    61 |    30 |    23 |    12 ||   166
  Throw: Javelin           |       |       |     4 |       |       |       |       |       ||     4
         Dart              |       |       |       |       |     1 |     1 |       |       ||     2
   Cast: Sting             |    39 |    82 |    39 |   123 |    50 |    35 |     2 |       ||   370
         Mercury Vapours   |     1 |     1 |     4 |    19 |    21 |     4 |       |       ||    50
         Olgreb's Toxic Ra |       |     3 |    15 |    68 |   109 |   197 |   146 |    55 ||   593
         Sticky Flame      |       |       |     2 |    27 |    66 |    39 |    25 |    29 ||   188
         Mephitic Cloud    |       |       |       |     6 |     9 |     9 |     6 |       ||    30
         Eringya's Noxious |       |       |       |     6 |    55 |    71 |    22 |     6 ||   160
         Alistair's Intoxi |       |       |       |       |     8 |    15 |    24 |     7 ||    54
         Ignite Poison     |       |       |       |       |       |    73 |    51 |    15 ||   139
         Frozen Ramparts   |       |       |       |       |       |    12 |     2 |       ||    14
         Yara's Violent Un |       |       |       |       |       |    14 |    24 |     7 ||    45
         Bombard           |       |       |       |       |       |     1 |    66 |    11 ||    78
         Borgnjor's Vile C |       |       |       |       |       |     1 |    54 |    26 ||    81
         Lee's Rapid Decon |       |       |       |       |       |       |    72 |    74 ||   146
         Animate Dead      |       |       |       |       |       |       |     5 |     3 ||     8
         Fulsome Fusillade |       |       |       |       |       |       |       |    25 ||    25
         Death Channel     |       |       |       |       |       |       |       |     7 ||     7
 Invoke: Ancestor Identity |     1 |       |       |       |       |       |       |       ||     1
         Ancestor Life: Kn |       |     1 |       |       |       |       |       |       ||     1
         Recall Ancestor   |       |       |     1 |     2 |     5 |     5 |     2 |     3 ||    18
         Idealise          |       |       |       |       |     1 |     3 |     6 |     1 ||    11
         Transference      |       |       |       |       |     1 |     2 |     2 |       ||     5
Ability: Dig               |       |       |       |       |       |       |     1 |       ||     1
  Evoke: Wand              |       |       |     8 |     7 |    40 |     8 |    19 |       ||    82
         Condenser vane    |       |       |       |       |     1 |     2 |     2 |       ||     5
         Phial of floods   |       |       |       |       |       |     1 |     1 |       ||     2
         Lightning rod     |       |       |       |       |       |     2 |     9 |       ||    11
    Use: Potion            |     1 |       |     1 |       |     3 |     2 |     7 |     7 ||    21
         Scroll            |       |     4 |     1 |     6 |     8 |     7 |     3 |     4 ||    33
   Stab: Sleeping          |       |     1 |       |       |       |       |       |       ||     1
         Distracted        |       |       |       |       |     1 |       |       |       ||     1
 Armour: Robe              |    19 |    22 |    14 |    49 |   161 |       |   241 |   101 ||   607
         Ring mail         |       |       |       |       |     8 |   302 |    29 |       ||   339
  Dodge: Dodged            |    27 |    37 |    38 |    43 |   114 |    99 |   100 |    30 ||   488
  Block: Buckler           |       |       |       |     1 |    86 |   141 |   100 |    18 ||   346

Table legend: (Time is in decaauts)
 A = Elapsed time spent in this place.
 B = Non-inter-level travel time spent in this place.
 C = Inter-level travel time spent in this place.
 D = Time resting spent in this place.
 E = Time spent auto-exploring this place.
 F = Levels seen in this place.
 G = Mean time per level.
                   A        B        C        D        E       F      G
               +--------+--------+--------+--------+--------+-----+--------+
         Total |  42255 |  36477 |   5778 |    643 |  26234 |  38 | 1112.0 |
       Dungeon |  18026 |  15130 |   2896 |    217 |  12105 |  15 | 1201.7 |
        Temple |      1 |      1 |      0 |      0 |      0 |   1 |    1.0 |
          Lair |   7721 |   6607 |   1114 |    118 |   5328 |   5 | 1544.2 |
        Shoals |   3558 |   3261 |    297 |     11 |   2112 |   4 |  889.5 |
   Spider Nest |   4025 |   3471 |    554 |    141 |   2046 |   4 | 1006.2 |
  Orcish Mines |   1600 |   1348 |    252 |      0 |   1017 |   2 |  800.0 |
        Vaults |   5715 |   5051 |    664 |     54 |   3080 |   5 | 1143.0 |
      Ice Cave |    599 |    599 |      0 |     24 |    257 |   1 |  599.0 |
    Desolation |   1005 |   1005 |      0 |     78 |    287 |   1 | 1005.0 |
               +--------+--------+--------+--------+--------+-----+--------+

Top non-repeatable levels by time:
     D:7: 2128 daAuts
  Lair:1: 1822 daAuts
  Lair:3: 1805 daAuts
    D:11: 1742 daAuts
  Lair:2: 1589 daAuts
Vaults:1: 1576 daAuts
     D:1: 1536 daAuts
Vaults:4: 1493 daAuts
  Lair:4: 1402 daAuts
Spider:4: 1399 daAuts
Vaults:2: 1384 daAuts
    D:12: 1329 daAuts
     D:9: 1321 daAuts
    D:10: 1308 daAuts
     D:6: 1306 daAuts
